 Dungeon Crawl Stone Soup version 0.22.1-2-g9c5b331 (webtiles) character file.

3674 Monsterracer the Archer (level 9, -3/83 HPs)
             Began as a Centaur Summoner on Dec 19, 2018.
             Was a Believer of Elyvilon.
             Slain by a hog (11 damage)
             ... on level 7 of the Dungeon.
             The game lasted 00:19:50 (12574 turns).

Monsterracer the Archer (Centaur Summoner)         Turns: 12574, Time: 00:19:51

Health: -3/83      AC: 12    Str: 15    XL:     9   Next: 89%
Magic:  9/12       EV: 10    Int: 14    God:    Elyvilon [**....]
Gold:   160        SH:  3    Dex:  9    Spells: 11/11 levels left

rFire    . . .     SeeInvis .   b - +2 dagger (venom)
rCold    . . .     Gourm    .   (no shield)
rNeg     . . .     Faith    .   D - +2 scale mail {rPois}
rPois    +         Spirit   .   B - +1 helmet
rElec    .         Reflect  +   l - +1 cloak
rCorr    .         Harm     .   (no gloves)
MR       .....                  (no barding)
Stlth    ..........             j - +3 amulet of reflection
HPRegen  0.23/turn              w - +3 ring of evasion
MPRegen  0.13/turn              h - ring of attention (curse)

@: very quick
A: large, hooves 3, deformed body, speed 2, tough skin 3
a: Lesser Healing, Heal Other, Divine Protection, Renounce Religion


You were on level 7 of the Dungeon.
You worshipped Elyvilon.
Elyvilon was pleased with you.
You were very hungry.

You visited 2 branches of the dungeon, and saw 8 of its levels.

You collected 336 gold pieces.
You spent 176 gold pieces at shops.

Inventory:

Hand Weapons
 a - a +0 shortbow
 b - a +2 dagger of venom (weapon)
Missiles
 f - 53 arrows
Armour
 l - a +1 cloak (worn)
 B - a +1 helmet (worn)
 D - a +2 scale mail of poison resistance (worn)
Jewellery
 h - a cursed ring of attention (right hand)
 j - a +3 amulet of reflection (around neck)
 v - an uncursed ring of wizardry
 w - a +3 ring of evasion (left hand)
Wands
 A - a wand of flame (12)
 C - a wand of acid (8)
Scrolls
 g - a scroll of enchant weapon
 m - a scroll of fear {!r}
 p - 5 scrolls of teleportation {!r}
 r - 2 scrolls of amnesia
 t - 2 scrolls of blinking
 x - a scroll of remove curse
Potions
 d - 2 potions of resistance {unknown}
 e - 2 potions of flight
 i - 2 potions of curing
 k - 3 potions of heal wounds
 n - 2 potions of might {unknown}
 o - 3 potions of lignification
 q - 2 potions of ambrosia {unknown}
 s - a potion of berserk rage {unknown}
 u - 2 potions of brilliance {unknown}
 y - a potion of cancellation {unknown}
 z - 3 potions of magic {unknown}
Comestibles
 c - 14 rations


   Skills:
 + Level 9.2 Fighting
   Level 4.7 Slings
 * Level 9.9 Bows
 - Level 0.7(3.0) Throwing
 + Level 2.7 Armour
 - Level 1.3 Dodging
 - Level 1.1 Stealth
 - Level 1.5 Spellcasting
   Level 3.6 Summonings
 * Level 4.8 Invocations


You had 11 spell levels left.
You didn't know any spells.
Your spell library contained the following spells:

 Spells                   Type           Power        Failure   Level  Hunger
 Summon Small Mammal      Summ           ##..         22%         1    ##.....
 Call Imp                 Summ           ##......     32%         2    ###....
 Call Canine Familiar     Summ           ##......     54%         3    ####...
 Animate Skeleton         Necr           N/A          67%         1    ##.....
 Apportation              Tloc           #.....       67%         1    ##.....
 Confusing Touch          Hex            #.....       67%         1    ##.....
 Magic Dart               Conj           #...         67%         1    ##.....
 Pain                     Necr           #...         67%         1    ##.....
 Summon Guardian Golem    Hex/Summ       #.......     80%         3    ####...
 Searing Ray              Conj           #.....       82%         2    ###....
 Dazzling Spray           Conj/Hex       #.....       96%         3    ####...
 Regeneration             Chrm/Necr      #.........   96%         3    ####...
 Vampiric Draining        Necr           #.........   96%         3    ####...
 Summon Ice Beast         Ice/Summ       #.......     99%         4    #####..
 Summon Lightning Spire   Summ/Air       #.......     99%         4    #####..
 Animate Dead             Necr           N/A          100%        4    #####..
 Force Lance              Conj/Tloc      #.......     100%        4    #####..
 Fulminant Prism          Conj/Hex       #.........   100%        4    #####..
 Iskenderun's Mystic Bla  Conj           #.......     100%        4    #####..


Dungeon Overview and Level Annotations

Branches:
Dungeon (7/15)             Temple (1/1) D:5

Altars:
Ashenzari
Cheibriados
Dithmenos
Elyvilon
Fedhas
Gozag
Hepliaklqana
Kikubaaqudgha
Makhleb
Nemelex Xobeh
Okawaru
Qazlal
Ru
Sif Muna
Trog
Uskayaw
Vehumet
Wu Jian
Xom
Yredelemnul
Zin
The Shining One

Shops:
D:4 !

Annotations:
D:5 BattleRest's ghost, novice DEEE; Frank's ghost, amateur OpFi
D:6 Velaskes's ghost, amateur DsGl


Innate Abilities, Weirdness & Mutations

You have hooves in place of feet.
Armour fits poorly on your strangely shaped body.
You cover ground very quickly.
You have extremely tough skin. (AC +3)


Message History

The hog closely misses you. The hog bites you.
You take 4 damage, and have 43/83 hp.
Unknown command.
You hit the hog.
The hog looks as sick as possible!
Your kick misses the hog.
The hog is severely wounded.
The hog bites you.
* * * LOW HITPOINT WARNING * * *
You take 3 damage, and have 40/83 hp.
You hit the hog.
You kill the hog!
You block the hog's attack.
You hit the hog but do no damage.
The hog is poisoned.
The hog bites you.
* * * LOW HITPOINT WARNING * * *
You take 3 damage, and have 37/83 hp.
You hit the hog but do no damage.
The hog looks as sick as possible!
You block the hog's attack.
You closely miss the hog. Your kick misses the hog.
The hog is lightly wounded.
The hog barely misses you.
You hit the hog.
The hog looks as sick as possible!
You kick the hog, but do no damage.
The hog is moderately wounded.
The hog bites you but does no damage. The hog bites you!
* * * LOW HITPOINT WARNING * * *
You take 7 damage, and have 30/83 hp.
Your +2 dagger of venom stops dripping with poison.
a - a +0 shortbow (weapon)
Firing (i - inventory)
f - 56 arrows (quivered)
Press: ? - help, Shift-Dir - straight line, f - hog
Aim: a hog (moderately wounded, poisoned)
You shoot an arrow. The arrow hits the hog.
The hog is heavily wounded.
You block the hog's attack.
Firing (i - inventory)
f - 55 arrows (quivered)
Press: ? - help, Shift-Dir - straight line, f/p - hog
Aim: a hog (heavily wounded, poisoned)
You shoot an arrow. The arrow hits the hog!
The hog is almost dead.
The hog bites you.
* * * LOW HITPOINT WARNING * * *
The hog bites you!
* * * LOW HITPOINT WARNING * * *
You take 12 damage, and have 18/83 hp.
You are healed.
You feel somewhat more hungry.
You kill the hog!
You regained 5 hp, and now have 23/83 hp.
You now have 11/12 mp.
Firing (i - inventory)
f - 54 arrows (quivered)
Press: ? - help, Shift-Dir - straight line, f - hog
Aim: a hog You shoot an arrow.
The arrow hits the hog but does no damage.
The hog bites you!
* * * LOW HITPOINT WARNING * * *
You take 9 damage, and have 14/83 hp.
Your +2 dagger of venom begins to drip with poison!
b - a +2 dagger of venom (weapon)
The hog closely misses you.
You hit the hog. You kick the hog.
The hog is lightly wounded.
The hog completely misses you.
You hit the hog.
The hog is poisoned.
The hog is moderately wounded.
The hog barely misses you.
You barely miss the hog.
The hog is moderately wounded.
The hog bites you!
* * * LOW HITPOINT WARNING * * *
The hog bites you but does no damage.
You take 10 damage, and have 4/83 hp.
You are healed.
You are feeling very hungry.
The hog barely misses you.
You regained 7 hp, and now have 11/83 hp.
You now have 10/12 mp.
You are healed.
You feel somewhat more hungry. The hog bites you but does no damage.
You regained 7 hp, and now have 18/83 hp.
You now have 9/12 mp.
You closely miss the hog. Your kick misses the hog.
The hog is moderately wounded.
The hog bites you but does no damage. x2
You hit the hog.
The hog looks as sick as possible!
Your kick misses the hog.
The hog is moderately wounded.
The hog closely misses you.
You hit the hog but do no damage.
The hog looks as sick as possible!
Your kick misses the hog.
The hog is heavily wounded.
The hog bites you!
* * * LOW HITPOINT WARNING * * *
You take 10 damage, and have 8/83 hp.
You are healed.
You feel somewhat more hungry. You block the hog's attack.
You regained 6 hp, and now have 14/83 hp.
You now have 9/12 mp.
You hit the hog but do no damage.
The hog looks as sick as possible!
The hog is severely wounded.
The hog bites you.
* * * LOW HITPOINT WARNING * * *
The hog bites you!
You die...

#..'..?%%###...<.##.#
#..##### #.....##.#
#.#....# #....(##.#
#...#..# #.....##.#
###...## #.....##.#
#..####.#########..
#.......# ###
##h###### #@#
#########
##.###.......######
#...##.............
#...##.......######
#............#
######.#....##
#.####.# #......#
########


You could see a hog.

Vanquished Creatures
  The ghost of WarriorsX the Chopper, a novice HuBe of Trog (D:5)
  The ghost of strongu the Skirmisher, a novice OpGl (D:6)
  3 hogs (D:7)
  A human (D:7)
  Menkaure (D:6)
  Duvessa (D:5)
  An ice beast (D:5)
  3 ogres
  A centaur (D:6)
  3 bullfrogs
  Dowan (D:5)
  2 scorpions
  4 killer bees (D:7)
  3 wights (D:7)
  A howler monkey (D:6)
  5 crimson imps
  A quasit (D:6)
  A jelly (D:6)
  3 orc wizards
  A bullfrog skeleton (D:6)
  3 orc priests
  A gnoll shaman (D:6)
  4 hounds
  Crazy Yiuf (D:6)
  An iguana (D:4)
  2 worker ants
  A hound zombie (D:6)
  A worker ant zombie (D:5)
  7 gnolls
  A howler monkey skeleton (D:4)
  2 adders
  2 adder zombies (D:7)
  3 worms
  4 dart slugs
  4 leopard geckos
  11 orcs
  5 giant cockroaches
  11 hobgoblins
  15 jackals
  3 quokkas
  4 ball pythons
  6 bats
  5 frilled lizards
  10 goblins
  2 kobolds
  13 rats
  A fungus (D:6)
161 creatures vanquished.

Vanquished Creatures (collateral kills)
  A sky beast (D:5)
  An ogre (D:4)
  2 scorpions (D:4)
  Natasha (thrice) (D:2)
  An orc wizard (D:5)
  A gnoll (D:3)
  4 adders
  A dart slug (D:2)
  2 leopard geckos (D:1)
  4 orcs
  A giant cockroach (D:1)
  2 goblins
  6 hobgoblins
  A jackal (D:1)
  3 kobolds
  2 bats (D:1)
  3 rats (D:1)
38 creatures vanquished.

Grand Total: 199 creatures vanquished

Notes
Turn   | Place    | Note
-------+----------+-------------------------------------------
     0 | D:1      | Monsterracer the Centaur Summoner began the quest for the
                  | Orb.
     0 | D:1      | Reached XP level 1. HP: 14/14 MP: 3/3
   118 | D:1      | HP: 6/15 [kobold/whip (2)]
   129 | D:1      | Reached skill level 1 in Fighting
   361 | D:1      | HP: 8/16 [giant cockroach (2)]
   367 | D:1      | HP: 3/16 [goblin/stone (3)]
   403 | D:1      | HP: 3/16 [goblin/stone (2)]
   486 | D:1      | Reached XP level 2. HP: 9/24 MP: 0/4
   518 | D:1      | HP: 9/24 [kobold/short sword (2)]
   760 | D:1      | Found a glowing silver altar of Zin.
  1088 | D:1      | Learned a level 2 spell: Call Imp
  1503 | D:1      | Reached XP level 3. HP: 30/30 MP: 5/5
  2011 | D:2      | Noticed Natasha
  2084 | D:2      | Killed Natasha
  2240 | D:2      | Noticed Natasha
  2253 | D:2      | Reached XP level 4. HP: 38/40 MP: 1/6
  2258 | D:2      | Killed Natasha
  2444 | D:2      | Noticed Natasha
  2459 | D:2      | Killed Natasha
  2767 | D:2      | Found a shimmering altar of Xom.
  3063 | D:2      | HP: 20/41 [poisoned by an adder]
  3068 | D:2      | HP: 17/41 [poisoned by an adder]
  3073 | D:2      | HP: 13/41 [poisoned by an adder]
  3079 | D:2      | HP: 11/41 [poisoned by an adder]
  3085 | D:2      | HP: 10/41 [poisoned by an adder]
  3093 | D:2      | HP: 9/41 [poisoned by an adder]
  3547 | D:3      | Reached XP level 5. HP: 47/47 MP: 7/7
  3560 | D:3      | HP: 21/47 [orc/flail (4)]
  3785 | D:3      | Found a snail-covered altar of Cheibriados.
  4031 | D:3      | Reached skill level 5 in Fighting
  4442 | D:3      | HP: 24/48 [poisoned by an adder]
  4450 | D:3      | HP: 24/48 [poisoned by an adder]
  4983 | D:4      | HP: 24/48 [iguana (13)]
  4986 | D:4      | HP: 11/48 [iguana (13)]
  5008 | D:4      | Reached skill level 1 in Slings
  5315 | D:4      | Reached XP level 6. HP: 31/57 MP: 8/8
  6207 | D:4      | Noticed a moth of wrath
  6210 | D:4      | Found a bloodstained altar of Trog.
  6593 | D:4      | Found Yceo's Distillery.
  6597 | D:4      | Bought 2 potions of heal wounds for 110 gold pieces
  6597 | D:4      | Bought a potion of lignification for 33 gold pieces
  6597 | D:4      | Bought a potion of lignification for 33 gold pieces
  6742 | D:5      | Entered Level 5 of the Dungeon
  6770 | D:5      | Found a hide-covered altar of Uskayaw.
  6794 | D:5      | HP: 27/57 [ogre/giant club (18)]
  6996 | D:5      | Noticed Duvessa
  6996 | D:5      | Noticed Dowan
  7006 | D:5      | Killed Duvessa
  7006 | D:5      | Reached XP level 7. HP: 52/64 MP: 3/9
  7020 | D:5      | Killed Dowan
  7125 | D:5      | Found a runed gate.
  7125 | D:5      | Found a runed gate.
  7125 | D:5      | Found a runed gate.
  7126 | D:5      | Noticed Frank's ghost (amateur OpFi)
  7126 | D:5      | Noticed Velaskes's ghost (amateur DsGl)
  7126 | D:5      | Noticed BattleRest's ghost (novice DEEE)
  7126 | D:5      | Noticed strongu's ghost (novice OpGl)
  7126 | D:5      | Noticed WarriorsX's ghost (novice HuBe)
  7321 | D:5      | HP: 28/66 [orc priest/divine providence (9)]
  7329 | D:5      | HP: 13/66 [orc priest/short sword (3)]
  7339 | D:5      | HP: 26/66 [orc wizard/puff of flame (8)]
  7346 | D:5      | HP: 14/66 [orc/hand axe (1)]
  7414 | D:5      | HP: 13/66 [something/magic dart (7)]
  7421 | D:5      | HP: 9/66 [orc wizard/magic dart (6)]
  8427 | D:5      | Found a staircase to the Ecumenical Temple.
  8443 | Temple   | Entered the Ecumenical Temple
  8600 | Temple   | Became a worshipper of Elyvilon the Healer
  8850 | D:5      | Reached skill level 1 in Invocations
  9115 | D:5      | Reached XP level 8. HP: 47/74 MP: 10/10
  9688 | D:6      | Found a shadowy altar of Dithmenos.
  9996 | D:6      | Reached skill level 1 in Bows
 10061 | D:6      | Reached * piety under Elyvilon
 10164 | D:6      | HP: 33/74 [worm (8)]
 10277 | D:6      | Reached skill level 5 in Bows
 10399 | D:6      | HP: 37/74 [acid (8)]
 10652 | D:6      | Found a sparkling altar of Nemelex Xobeh.
 10774 | D:6      | Noticed Menkaure
 10785 | D:6      | Killed Menkaure
 11040 | D:6      | Found a runed door.
 11045 | D:6      | Noticed Crazy Yiuf
 11053 | D:6      | Killed Crazy Yiuf
 11323 | D:7      | Reached skill level 1 in Armour
 11329 | D:7      | HP: 34/75 [killer bee (5)]
 11330 | D:7      | Reached XP level 9. HP: 36/82 MP: 11/11
 11334 | D:7      | HP: 34/82 [poisoned by a killer bee]
 11340 | D:7      | HP: 33/82 [poisoned by a killer bee]
 11349 | D:7      | HP: 32/82 [poisoned by a killer bee]
 11359 | D:6      | HP: 32/82 [poisoned by a killer bee]
 11364 | D:6      | HP: 32/82 [poisoned by a killer bee]
 11650 | D:5      | Killed WarriorsX's ghost
 11691 | D:6      | Killed strongu's ghost
 12118 | D:7      | Reached ** piety under Elyvilon
 12553 | D:7      | HP: 40/83 [hog (4)]
 12558 | D:7      | HP: 30/83 [hog (8)]
 12563 | D:7      | HP: 14/83 [hog (10)]
 12567 | D:7      | HP: 4/83 [hog (10)]
 12572 | D:7      | HP: 8/83 [hog (11)]
 12574 | D:7      | Slain by a hog

Skill      XL: |  1  2  3  4  5  6  7  8  9 |
---------------+----------------------------+-----
Fighting       | 1 2 3 4 5 6 7 8 9 |  9.2
Slings         | 1 3 4 |  4.7
Invocations    | 1 2 4 |  4.8
Bows           | 7 9 |  9.9
Armour         | 1 2 |  2.7
Throwing       | |  0.7
Dodging        | |  1.3
Stealth        | |  1.1
Spellcasting   | |  1.5
Summonings     | |  3.6

Action                   |  1- 3 |  4- 6 |  7- 9 || total
-------------------------+-------+-------+-------++-------
Melee: Whip              |     9 |       |       ||     9
       Unarmed           |     4 |       |       ||     4
       Kick              |    14 |    14 |    66 ||    94
       Short sword       |    79 |    35 |       ||   114
       Spear             |       |    46 |       ||    46
       Dagger            |       |       |   288 ||   288
       Hunting sling     |       |       |     4 ||     4
 Fire: Hunting sling     |       |   200 |   301 ||   501
       Shortbow          |       |       |    92 ||    92
 Cast: Summon Small Mamm |    35 |     4 |       ||    39
       Call Imp          |    10 |    21 |    10 ||    41
Invok: Lesser Healing    |       |       |     4 ||     4
  Use: Scroll            |       |    10 |     4 ||    14
       Potion            |       |       |     1 ||     1
  Eat: Chunk             |     5 |    11 |    12 ||    28
       Ration            |       |     1 |     1 ||     2
Armor: Robe              |    48 |    53 |       ||   101
       Scale mail        |       |       |   238 ||   238
Dodge: Dodged            |    67 |    99 |   251 ||   417
Block: Other             |       |       |    66 ||    66

Vault maps used:
D:1:      lemuel_arrival_rhombus, minmay_hexomino_r4
D:2:      lemuel_round_altar, first_ration, minmay_unequal, uniq_natasha
D:3:      marbit_many_paths
D:4:      tgw_trog, serial_shops, shop
D:5:      nicolae_overflow_crystal_walls, minmay_temple_entry_overgrown,
          gammafunk_ghost_cemetery, uniq_duvessa
D:6:      kennysheep_mini_moat, nicolae_dithmenos_through_a_glass_darkly,
          portal_sewer_entry_a, uniq_menkaure, uniq_crazy_yiuf_cottage
D:7:      grunt_livestock
Temple:   regret_index_temple_sphere_string
